 Dungeon Crawl Stone Soup version 0.29.1-1-gd02db6906a (webtiles) character file.

Game seed: 5476526267771186178

77 RKaid the Shooter (level 4, -2/26 HPs)
             Began as a Deep Elf Hunter on Sept 22, 2022.
             Slain by an iron imp (7 damage)
             ... summoned by Natasha
             ... on level 2 of the Dungeon on Sept 23, 2022.
             The game lasted 00:03:07 (1332 turns).

RKaid the Shooter (Deep Elf Hunter)                 Turns: 1332, Time: 00:03:07

Health: -2/26      AC:  3    Str:  7 (8)  XL:     4   Next: 13%
Magic:  15/15      EV: 13    Int: 11 (14) God:
Gold:   83         SH:  0    Dex: 19 (20) Spells: 3/3 levels left

rFire   . . .      SeeInvis .   a - +0 shortbow
rCold   . . .      Faith    .   (shield currently unavailable)
rNeg    . . .      Spirit   .   h - +0 leather armour
rPois   .          Reflect  .   (no helmet)
rElec   .          Harm     .   (no cloak)
rCorr   .          Rampage  .   (no gloves)
Will    .....                   (no boots)
Stlth   ++........              (no amulet)
HPRegen 0.08/turn               g - ring of magical power {MP+9}
MPRegen 0.14/turn               (no ring)

@: slowed, very slow
A: no striking features
a: no special abilities


You were on level 2 of the Dungeon.
You visited 1 branch of the dungeon, and saw 2 of its levels.

You collected 83 gold pieces.

Inventory:

Hand Weapons
 a - a +0 shortbow (weapon)
Armour
 h - a +0 leather armour (worn)
Jewellery
 g - a ring of magical power (left hand) {MP+9}
   (You found it on level 1 of the Dungeon)
Scrolls
 b - a scroll of immolation {!r}
 d - 2 scrolls of magic mapping {unknown}
 f - 4 scrolls of identify {unknown}
 l - 4 scrolls of enchant armour {unknown}
 m - 2 scrolls of fear {unknown}
Potions
 c - a potion of mutation {unknown}
 e - a potion of brilliance


   Skills:
 + Level 2.2 Fighting
 * Level 6.5 Ranged Weapons
 + Level 3.3 Dodging
 - Level 1.2 Stealth


You had 3 spell levels left.
You didn't know any spells.
Your spell library was empty.

Dungeon Overview and Level Annotations

Branches:
Dungeon (2/15)

Altars:

Annotations:
D:2 Natasha


Message History

Aim: Natasha (heavily wounded, 59% to hit)
You shoot an arrow.
The arrow hits Natasha but does no damage.
Natasha barely misses you. Natasha casts a spell at you.
You resist with some effort.
Fire: a) +0 shortbow
Press: ? - help, Q - select action Shift-Dir - straight line, f/p - Natasha
Aim: Natasha (heavily wounded, 59% to hit)
You shoot an arrow. The arrow hits Natasha.
Natasha claws you.
Natasha stares at you and mumbles some strange words.
The magic dart hits you!
* * * LOW HITPOINT WARNING * * *
Fire: a) +0 shortbow
Press: ? - help, Q - select action Shift-Dir - straight line, f/p - Natasha
Aim: Natasha (severely wounded, 59% to hit)
You shoot an arrow.
The arrow hits Natasha but does no damage.
Natasha misses you.
Fire: a) +0 shortbow
Press: ? - help, Q - select action Shift-Dir - straight line, f/p - Natasha
Aim: Natasha (severely wounded, 59% to hit)
You shoot an arrow. The arrow barely misses Natasha.
Natasha claws you but does no damage. Natasha barely misses you.
Fire: a) +0 shortbow
Press: ? - help, Q - select action Shift-Dir - straight line, f/p - Natasha
Aim: Natasha (severely wounded, 59% to hit)
You shoot an arrow. The arrow closely misses Natasha.
Natasha mumbles some strange words.
Natasha barely misses you.
Fire: a) +0 shortbow
Press: ? - help, Q - select action Shift-Dir - straight line, f/p - Natasha
Aim: Natasha (severely wounded, 59% to hit)
You shoot an arrow.
The arrow hits Natasha but does no damage.
Natasha claws you but does no damage. The white imp gestures at you.
The puff of frost misses you. Natasha closely misses you.
Fire: a) +0 shortbow
Press: ? - help, Q - select action Shift-Dir - straight line, f/p - Natasha
Aim: Natasha (severely wounded, 59% to hit)
You shoot an arrow. The arrow hits Natasha!
You kill Natasha!
Natasha growls in agony!
The white imp disappears in a puff of smoke!
You feel yourself speed up.
You feel your strength returning.
You have reached level 4!
You feel clever.
There is a stone staircase leading up here.
You climb upwards.
There is a stone staircase leading down here.
You start resting.
You start to feel less resistant.
You start resting.
You feel a little less clever now.
You start resting.
Your resistance to elements expires.
You start resting.
You start waiting.
Done waiting.
You climb downwards.
There is a stone staircase leading up here.
Found an escape hatch in the floor.
There is an escape hatch in the floor here.
c - a blue potion You see here 4 stones.
m - 2 scrolls labelled HIETHON HUMNEGO (gained 1) Natasha, Servant of Life and Death comes into view.
You shoot an arrow. The arrow closely misses Natasha.
Natasha hisses angrily.
You hear an angry hiss.
You shoot an arrow. The arrow barely misses Natasha.
You shoot an arrow.
The arrow hits Natasha but does no damage.
You shoot an arrow. The arrow closely misses Natasha.
Natasha stares at you and mumbles some strange words.
The magic dart hits you!
You shoot an arrow. The arrow hits Natasha!
Natasha stares at you and mumbles some strange words.
You feel yourself slow down.
Natasha casts a spell.
You shoot an arrow. The arrow hits the iron imp.
The iron imp closely misses you.
Fire: a) +0 shortbow
Press: ? - help, Q - select action Shift-Dir - straight line, f - Natasha, p - iron imp
Aim: Natasha (severely wounded, 59% to hit)
You shoot an arrow. The arrow closely misses Natasha.
Natasha claws you! The iron imp barely misses you. Natasha misses you.
The iron imp closely misses you.
Fire: a) +0 shortbow
Press: ? - help, Q - select action Shift-Dir - straight line, f/p - Natasha
Aim: Natasha (severely wounded, 59% to hit)
You shoot an arrow.
The arrow hits Natasha but does no damage.
Natasha casts a spell at you. The magic dart hits you.
* * * LOW HITPOINT WARNING * * *
The iron imp hits you!
You die...

.. #.. ..##.. . .....###
## ####. ....... .
##..÷. #...:#.#
#######...#. #....#.#
#.......#.# #......#
#.##......# #..@#
#.##.###.##
#.5h#####.##.###.###
##.........#.......##
..............#..###..##
..............#..###....
..............#....##.##
#####...#####.#.##.##.##
#÷........#.........
#...#######.........


You could see an iron imp (summoned) and Natasha.

Vanquished Creatures
  Natasha (twice) (D:2)
  A worm (D:2)
  4 ball pythons (D:1)
  2 bats (D:1)
  An endoplasm (D:1)
  3 goblins (D:1)
  5 hobgoblins
  A frilled lizard (D:1)
  4 kobolds (D:1)
  3 rats (D:1)
26 creatures vanquished.

Notes
Turn   | Place    | Note
-------+----------+-------------------------------------------
     0 | D:1      | RKaid the Deep Elf Hunter began the quest for the Orb.
     0 | D:1      | Reached XP level 1. HP: 12/12 MP: 3/3
   152 | D:1      | Reached XP level 2. HP: 17/17 MP: 4/4
   613 | D:1      | Found a faded altar of an unknown god.
   692 | D:2      | Reached skill level 6 in Ranged Weapons
   755 | D:2      | Reached skill level 2 in Fighting
   755 | D:2      | Reached XP level 3. HP: 21/21 MP: 5/5
   792 | D:2      | Noticed Natasha
   799 | D:2      | HP: 4/21 [Natasha (6)]
   802 | D:2      | Killed Natasha
   803 | D:2      | Reached skill level 3 in Dodging
   824 | D:2      | Noticed Natasha
   833 | D:2      | HP: 3/21 [Natasha/magic dart (7)]
   838 | D:2      | Killed Natasha
   839 | D:2      | Reached XP level 4. HP: 5/26 MP: 6/6
  1324 | D:2      | Noticed Natasha
  1332 | D:2      | HP: 5/26 [Natasha/magic dart (5)]
  1332 | D:2      | Slain by an iron imp

Illustrated notes

Levels and vault maps discovered:
D:1:      dpeg_arrival_leaves_temple_mockup, layout_rooms,
          chequers_ecumenical_altar_grove, kennysheep_small_spiral,
          minmay_tromino_mix6
D:2:      layout_loops_cross, basic_altar, minmay_fractal_squares_gapless_5,
          uniq_natasha

Skill      XL: |  1  2  3 |
---------------+----------+-----
Ranged Weapons | 6 |  6.5
Fighting       | 2 |  2.2
Dodging        | 3 |  3.3
Stealth        | |  1.2

Action                   |  1- 3 |  4- 6 || total
-------------------------+-------+-------++-------
 Fire: Shortbow          |    77 |     8 ||    85
  Use: Potion            |     5 |       ||     5
Armor: Leather armour    |     3 |       ||     3
Dodge: Dodged            |    13 |     4 ||    17

Table legend: (Time is in decaauts)
 A = Elapsed time spent in this place.
 B = Non-inter-level travel time spent in this place.
 C = Inter-level travel time spent in this place.
 D = Time resting spent in this place.
 E = Time spent auto-exploring this place.
 F = Levels seen in this place.
 G = Mean time per level.
                   A        B        C        D        E       F      G
               +--------+--------+--------+--------+--------+-----+--------+
         Total |   1360 |   1335 |     25 |    374 |    745 |   2 |  680.0 |
       Dungeon |   1360 |   1335 |     25 |    374 |    745 |   2 |  680.0 |
               +--------+--------+--------+--------+--------+-----+--------+

Top non-repeatable levels by time:
     D:1: 1049 daAuts
     D:2: 310 daAuts

Table legend:
 A = Kills in this place as a percentage of kills in entire the game.
 B = Kills by you in this place as a percentage of kills by you in the entire game.
 C = Kills by friends in this place as a percentage of kills by friends in the entire game.
 D = Other kills in this place as a percentage of other kills in the entire game.
 E = Experience gained in this place as a percentage of experience gained in the entire game.
 F = Experience gained in this place divided by the number of levels of this place that you have seen.
                   A       B       C       D       E      F
               +-------+-------+-------+-------+-------+----------------------
         Total | 100.0 | 100.0 |   N/A |   N/A | 100.0 |  55.0
       Dungeon | 100.0 | 100.0 |   N/A |   N/A | 100.0 |  55.0
               +-------+-------+-------+-------+-------+----------------------
